 Dungeon Crawl Stone Soup version 0.27.1 (webtiles) character file.

Game seed: 3214866794938725058

539 Crownlay the Cleaver (level 7, -8/57 HPs)
             Began as a Hill Orc Fighter on Aug 29, 2021.
             Mangled by Menkaure (19 damage)
             ... in an ossuary.
             The game lasted 00:04:50 (3404 turns).

Crownlay the Cleaver (Hill Orc Fighter)             Turns: 3404, Time: 00:04:51

Health: -8/57      AC: 11    Str: 21    XL:     7   Next: 26%
Magic:  7/7        EV:  9    Int:  8    God:
Gold:   236        SH:  0    Dex: 10    Spells: 6/6 levels left

rFire    . . .     SeeInvis .   a - +0 war axe
rCold    . . .     Faith    .   (no shield)
rNeg     . . .     Spirit   .   b - +0 scale mail
rPois    .         Reflect  .   m - +0 helmet
rElec    .         Harm     .   (no cloak)
rCorr    +         Rampage  .   (no gloves)
Will     .....                  h - +2 pair of boots
Stlth    ..........             l - amulet of the acrobat
HPRegen  0.19/turn              k - ring of resist corrosion
MPRegen  0.10/turn              (no ring)

@: marked
A: no striking features
a: no special abilities


You were in an ossuary.
You visited 1 branch of the dungeon, and saw 4 of its levels.
You also visited: Ossuary.

You collected 236 gold pieces.

Inventory:

Hand Weapons
 a - a +0 war axe (weapon)
Armour
 b - a +0 scale mail (worn)
 c - a +0 kite shield
 h - a +2 pair of boots (worn)
 m - a +0 helmet (worn)
Jewellery
 k - a ring of resist corrosion (left hand)
 l - an amulet of the acrobat (around neck)
 p - a ring of magical power
Scrolls
 e - 3 scrolls of noise
 j - a scroll of blinking
 q - a scroll of acquirement {unknown}
 r - a scroll of immolation {unknown}
 t - a scroll of teleportation {unknown}
Potions
 d - a potion of lignification {unknown}
 g - a potion of curing
 i - a potion of resistance {unknown}
 n - a potion of mutation {unknown}
 s - a potion of berserk rage {unknown}


   Skills:
 - Level 3.6 Fighting
 * Level 10.1 Axes
 - Level 3.2 Armour
 - Level 3.2 Shields


You had 6 spell levels left.
You didn't know any spells.
Your spell library contained the following spells:

 Spells                   Type           Power      Damage    Failure   Level
 Animate Skeleton         Necr           0%         N/A       75%         1
 Apportation              Tloc           0%         N/A       75%         1
 Corona                   Hex            0%         N/A       75%         1
 Pain                     Necr           0%         1d4       75%         1
 Summon Small Mammal      Summ           0%         N/A       75%         1
 Agony                    Necr           0%         N/A       100%        5
 Excruciating Wounds      Necr           0%         N/A       100%        5


Dungeon Overview and Level Annotations

Branches:
Dungeon (4/15)             Temple (0/1) D:4         Ossuary (1/1)

Altars:

Annotations:
Ossuary Menkaure


Message History

You are too injured to fight recklessly!
You feel better. The mummy hits you.
You hit the mummy.
You destroy the mummy!
Menkaure casts a spell.
Menkaure seems to speed up.
You slash the mummy!
The mummy is heavily damaged.
The mummy closely misses you.
You slash the mummy!
The mummy is almost destroyed.
You slash the mummy!
You destroy the mummy!
Menkaure calls on the powers of darkness!
Your body is wracked with pain!
You hit the gnoll skeleton but do no damage.
The gnoll skeleton hits you but does no damage.
You slash the gnoll skeleton!
The gnoll skeleton is severely damaged.
The gnoll skeleton hits you but does no damage.
You hit the gnoll skeleton.
The gnoll skeleton is almost destroyed.
The gnoll skeleton hits you but does no damage.
You hit the gnoll skeleton.
The gnoll skeleton is almost destroyed.
You slash the gnoll skeleton!
You destroy the gnoll skeleton!
Menkaure gestures at you while chanting.
Pain shoots through your body!
You slash Menkaure!
Menkaure is heavily damaged.
Menkaure hits you.
You hit Menkaure.
Menkaure is severely damaged.
Menkaure hits you!
* * * LOW HITPOINT WARNING * * *
You barely miss Menkaure.
Menkaure is severely damaged.
Menkaure hits you!!
You die...

##..##..##..####..##..##..##
##..##..##..## ##..##..##..##
##..##..##..## ##..##..##..##
#..##..##..## ##..##..##..##
.^##..##..## ##.^##..##..#
.##..##..## ##..##..##..
##..##..## ##..##^.##.
#..##..##############''##..##..##
..##............@MZ.....##..##..#
.##########################..##..
^.............................##.
#################################
.................................
#################################


You could see Menkaure (fast) and a rat skeleton.

Vanquished Creatures
  Grinder (D:3)
  2 orc priests (D:3)
  Natasha (thrice) (D:3)
  An orc wizard (D:3)
  3 mummies (Ossuary)
  3 adders
  4 worms
  5 dart slugs
  12 orcs (D:3)
  7 ball pythons
  5 endoplasms
  A giant cockroach (D:2)
  3 gnoll zombies (Ossuary)
  4 goblins
  4 hobgoblins
  6 bats
  A frilled lizard (D:2)
  7 gnoll skeletons (Ossuary)
  5 goblin skeletons (Ossuary)
  4 goblin zombies (Ossuary)
  A hobgoblin skeleton (Ossuary)
  6 hobgoblin zombies (Ossuary)
  7 kobolds
  A kobold skeleton (Ossuary)
  6 kobold zombies (Ossuary)
  4 orc skeletons (Ossuary)
  2 orc zombies (Ossuary)
  3 rats
  6 rat skeletons (Ossuary)
  4 rat zombies (Ossuary)
121 creatures vanquished.

Notes
Turn   | Place    | Note
-------+----------+-------------------------------------------
     0 | D:1      | Crownlay the Hill Orc Fighter began the quest for the Orb.
     0 | D:1      | Reached XP level 1. HP: 19/19 MP: 1/1
    28 | D:1      | Reached skill level 3 in Axes
   100 | D:1      | Reached XP level 2. HP: 26/26 MP: 2/2
   213 | D:1      | Found a faded altar of an unknown god.
   227 | D:1      | Reached skill level 4 in Axes
   667 | D:2      | Reached XP level 3. HP: 31/31 MP: 3/3
   911 | D:2      | Reached skill level 5 in Axes
  1294 | D:2      | Reached XP level 4. HP: 39/39 MP: 4/4
  1521 | D:3      | Noticed Natasha
  1536 | D:3      | Killed Natasha
  1537 | D:3      | Reached skill level 6 in Axes
  1556 | D:3      | Noticed Natasha
  1563 | D:3      | Killed Natasha
  1564 | D:3      | Reached XP level 5. HP: 25/45 MP: 5/5
  1665 | D:3      | Noticed Natasha
  1678 | D:3      | Killed Natasha
  1679 | D:3      | Reached skill level 7 in Axes
  2308 | D:3      | Noticed Grinder
  2328 | D:3      | Killed Grinder
  2329 | D:3      | Reached skill level 9 in Axes
  2329 | D:3      | Reached XP level 6. HP: 15/51 MP: 6/6
  2577 | D:3      | Reached XP level 7. HP: 44/57 MP: 7/7
  3017 | D:4      | Found a staircase to the Ecumenical Temple.
  3026 | D:4      | Found a sand-covered staircase.
  3035 | Ossuary  | Entered an ossuary
  3386 | Ossuary  | Noticed Menkaure
  3389 | Ossuary  | Reached skill level 10 in Axes
  3404 | Ossuary  | Mangled by Menkaure

Illustrated notes

Levels and vault maps discovered:
D:1:      mrwooster_arrival_statue_2, layout_basic,
          hellmonk_ecumenical_altar_run_dry, kennysheep_crisscross,
          minmay_surrounded
D:2:      layout_loops_corners, hangedman_decor_lopped, st_stairs_8,
          minmay_tetromino_t2
D:3:      layout_basic, minmay_misc_feat_roman, uniq_grinder, uniq_natasha
D:4:      layout_cave_pools, nicolae_gozag_cash_rules_everything_around_me,
          mainiacjoe_overflow_catwalk, minmay_temple_entry_arrows,
          lightli_ossuary_entry_decrepit_ruins, minmay_three_crescents
Ossuary:  ossuary_due_pyramid

Skill      XL: |  1  2  3  4  5  6  7 |
---------------+----------------------+-----
Axes           | 3 4 5 6 9 10 | 10.1
Fighting       | |  3.6
Armour         | |  3.2
Shields        | |  3.2

Action                   |  1- 3 |  4- 6 |  7- 9 || total
-------------------------+-------+-------+-------++-------
Melee: War axe           |    93 |    88 |   105 ||   286
  Use: Potion            |       |     1 |     1 ||     2
       Scroll            |       |       |     4 ||     4
Armor: Scale mail        |    64 |    40 |    28 ||   132
Dodge: Dodged            |    58 |    34 |    29 ||   121
